 Dungeon Crawl Stone Soup version 0.27.0-1-g7a08968 (webtiles) character file.

Game seed: 4119167970071893551

410 PidgeyThePirate the Slasher (level 6, -6/55 HPs)
             Began as a Minotaur Monk on Aug 12, 2021.
             Mangled by a worm (8 damage)
             ... in a sewer.
             The game lasted 00:07:09 (3808 turns).

PidgeyThePirate the Slasher (Minotaur Monk)         Turns: 3808, Time: 00:07:10

Health: -6/55      AC:  5    Str: 16    XL:     6   Next: 58%
Magic:  5/5        EV: 12    Int:  7    God:
Gold:   156        SH:  0    Dex: 14    Spells: 5/5 levels left

rFire    . . .     SeeInvis .   a - +0 falchion
rCold    . . .     Faith    .   (no shield)
rNeg     . . .     Spirit   .   e - +0 ring mail
rPois    .         Reflect  .   (helmet restricted)
rElec    .         Harm     .   (no cloak)
rCorr    .         Rampage  .   (no gloves)
Will     .....                  (no boots)
Stlth    +.........             (no amulet)
HPRegen  0.18/turn              (no ring)
MPRegen  0.09/turn              (no ring)

@: attractive, slowed, very slow
A: horns 2, retaliatory headbutt
a: no special abilities


You were in a sewer.
You visited 1 branch of the dungeon, and saw 4 of its levels.
You also visited: Sewer.

You collected 156 gold pieces.

Inventory:

Hand Weapons
 a - a +0 falchion (weapon)
Armour
 e - a +0 ring mail (worn)
Wands
 f - a wand of iceblast (8)
 g - a wand of polymorph (10)
Scrolls
 b - 2 scrolls of teleportation {unknown}
 c - a scroll of fog {unknown}
 i - a scroll of identify {unknown}
 j - a scroll of magic mapping {unknown}
 k - a scroll of immolation {unknown}
 l - a scroll of brand weapon {unknown}


   Skills:
 + Level 4.8 Fighting
 + Level 5.9 Long Blades
 + Level 3.7 Armour
 + Level 4.5 Dodging
 + Level 2.4 Stealth


You had 5 spell levels left.
You didn't know any spells.
Your spell library contained the following spells:

 Spells                   Type           Power      Damage    Failure   Level
 Gell's Gravitas          Tloc           0%         N/A       94%         3
 Teleport Other           Tloc           0%         N/A       94%         3
 Dispersal                Tloc           0%         N/A       100%        6


Dungeon Overview and Level Annotations

Branches:
Dungeon (4/15)             Temple (0/1) D:4           Sewer (1/1)

Altars:
Ashenzari


Innate Abilities, Weirdness & Mutations

You have a pair of horns on your head.
You reflexively headbutt those who attack you in melee.


Message History

You hit the kobold brigand. You headbutt the kobold brigand.
The kobold brigand is moderately wounded.
The kobold brigand barely misses you.
The kobold brigand splashes around in the water.
You hit the kobold brigand.
The kobold brigand is heavily wounded.
The kobold brigand barely misses you.
You riposte.
You closely miss the kobold brigand.
The kobold brigand is heavily wounded.
You hit the kobold brigand.
You headbutt the kobold brigand, but do no damage.
The kobold brigand is severely wounded.
The kobold brigand hits you with a +0 dagger.
* * * LOW HITPOINT WARNING * * *
The kobold brigand barely misses you.
You riposte.
You hit the kobold brigand but do no damage.
You headbutt the kobold brigand.
The kobold brigand is severely wounded.
You closely miss the kobold brigand.
The kobold brigand is severely wounded.
The kobold brigand hits you but does no damage.
You barely miss the kobold brigand.
The kobold brigand is severely wounded.
The kobold brigand hits you with a +0 dagger.
* * * LOW HITPOINT WARNING * * *
The kobold brigand hits you with a +0 dagger.
* * * LOW HITPOINT WARNING * * *
You hit the kobold brigand but do no damage.
The kobold brigand is severely wounded.
The kobold brigand hits you with a +0 dagger.
* * * LOW HITPOINT WARNING * * *
The kobold brigand splashes around in the water.
Unknown command.
You closely miss the kobold brigand. You headbutt the kobold brigand!
You kill the kobold brigand!
You hear a splash. x2
The worm is pulled toward you!
Unknown command.
You hit the worm but do no damage. The worm bites you!
You die...

#≈≈.# #≈≈≈## ## #.≈..##
≈≈≈≈##### #≈≈≈≈.###
#≈≈≈≈.########.≈.≈≈≈≈
≈≈≈≈###.≈.≈...####.≈≈≈≈
##### #≈≈.≈≈≈≈≈# ##≈.≈≈
#.≈≈≈≈###≈≈≈..≈≈≈####....
#≈≈w@≈####.≈≈.##≈...≈
#.≈≈≈≈##### ##≈.≈≈≈...≈≈
##### ##≈≈......≈
#.≈.≈≈.... #≈≈≈.≈≈≈∩.
#≈≈.≈.≈... #≈≈≈≈≈≈≈..
≈.≈≈≈≈≈..≈ ..≈.##≈.≈≈≈


You could see a worm.

Vanquished Creatures
  2 kobold brigands (Sewer)
  A scorpion (D:3)
  Jessica (D:2)
  Terence (D:2)
  Robin (D:3)
  3 adders
  A white imp (D:4)
  An adder skeleton (D:4)
  2 worms
  3 dart slugs
  An orc (D:4)
  5 endoplasms
  5 giant cockroaches
  22 goblins
  5 hobgoblins
  6 jackals
  10 kobolds
  3 quokkas (D:1)
  6 ball pythons
  6 bats
  3 frilled lizards
  8 rats
96 creatures vanquished.

Notes
Turn   | Place    | Note
-------+----------+-------------------------------------------
     0 | D:1      | PidgeyThePirate the Minotaur Monk began the quest for the
                  | Orb.
     0 | D:1      | Reached XP level 1. HP: 19/19 MP: 0/0
   157 | D:1      | Reached XP level 2. HP: 24/27 MP: 1/1
   215 | D:1      | Reached skill level 4 in Long Blades
   551 | D:1      | Reached XP level 3. HP: 33/33 MP: 2/2
  1226 | D:2      | Found a faded altar of an unknown god.
  1345 | D:2      | Noticed Jessica
  1360 | D:2      | Killed Jessica
  1361 | D:2      | Reached skill level 1 in Armour
  1361 | D:2      | Reached XP level 4. HP: 24/38 MP: 3/3
  1671 | D:3      | Noticed Robin
  1683 | D:3      | Noticed Terence
  1956 | D:2      | Killed Terence
  2135 | D:3      | Killed Robin
  2243 | D:3      | Reached XP level 5. HP: 43/47 MP: 4/4
  2539 | D:3      | Reached skill level 5 in Long Blades
  3401 | D:4      | Found a broken altar of Ashenzari.
  3493 | D:4      | Found a staircase to the Ecumenical Temple.
  3520 | D:4      | Found a glowing drain.
  3533 | Sewer    | Entered a sewer
  3594 | Sewer    | Reached XP level 6. HP: 53/53 MP: 5/5
  3806 | Sewer    | HP: 1/55 [kobold brigand (4)]
  3808 | Sewer    | Mangled by a worm

Illustrated notes

Levels and vault maps discovered:
D:1:      erik_arrival_cave_to_civilisation [erik_arrival_cave_to_temple],
          layout_basic, st_stairs_3
D:2:      layout_basic, hellmonk_ecumenical_altar_arch_garden, uniq_jessica
D:3:      layout_rooms, minmay_misc_feat_ornament, serial_park_tiny_2,
          kennysheep_minor_cross, st_stairs_2, uniq_terence, uniq_robin
D:4:      layout_loops_ring, mainiacjoe_overflow_two_lobes,
          minmay_temple_entry_overgrown, portal_sewer_entry_d,
          uniq_crazy_yiuf_cottage
Sewer:    sewer_co_tree

Skill      XL: |  1  2  3  4  5 |
---------------+----------------+-----
Long Blades    | 4 5 |  5.9
Fighting       | 4 |  4.8
Stealth        | 2 |  2.4
Armour         | 1 2 3 |  3.7
Dodging        | 4 |  4.5

Action                   |  1- 3 |  4- 6 || total
-------------------------+-------+-------++-------
Melee: Falchion          |    67 |   142 ||   209
       Headbutt          |    11 |    32 ||    43
  Use: Potion            |       |     2 ||     2
Armor: Leather armour    |    18 |       ||    18
       Robe              |     1 |       ||     1
       Ring mail         |     2 |    53 ||    55
Dodge: Dodged            |    52 |   118 ||   170
       Rpst.: Falchion   |     8 |    33 ||    41
